 Dungeon Crawl Stone Soup version 0.27-a0-789-g6bb3289e1e (webtiles) character file.

Game seed: 13860846426176294712

77 leviel the Slasher (level 4, 0/28 HPs)
             Began as a Gargoyle Monk on Mar 26, 2021.
             Slain by an orc
             ... wielding a +0 club
              (3 damage)
             ... on level 2 of the Dungeon.
             The game lasted 00:03:05 (2533 turns).

leviel the Slasher (Gargoyle Monk)                  Turns: 2533, Time: 00:03:06

Health: 0/28       AC:  8    Str: 12 (15) XL:     4   Next: 34%
Magic:  4/4        EV: 10    Int:  8 (11) God:
Gold:   149        SH:  0    Dex: 11 (12) Spells: 3/3 levels left

rFire    . . .     SeeInvis .   a - +0 falchion
rCold    . . .     Faith    .   (no shield)
rNeg     + . .     Spirit   .   c - +0 ring mail
rPois    ∞         Reflect  .   (no helmet)
rElec    +         Harm     .   (no cloak)
rCorr    .         Rampage  .   (no gloves)
Will     .....                  (no boots)
Stlth    ++........             (no amulet)
HPRegen  0.09/turn              (no ring)
MPRegen  0.09/turn              (no ring)

@: no status effects
A: AC +3, negative energy resistance 1, electricity resistance, torment
resistance 1, unbreathing 1, petrification resistance
a: no special abilities


You were on level 2 of the Dungeon.
You visited 1 branch of the dungeon, and saw 3 of its levels.

You collected 149 gold pieces.

Inventory:

Hand Weapons
 a - a +0 falchion (weapon)
Armour
 b - a +0 robe
 c - a +0 ring mail (worn)
Jewellery
 i - a ring of resist corrosion
Scrolls
 d - a scroll of silence {unknown}
 e - a scroll of amnesia {unknown}
 f - a scroll of teleportation {unknown}
 g - 2 scrolls of identify {unknown}
 h - a scroll of blinking {unknown}
 j - a scroll of noise {unknown}
Potions
 k - a potion of degeneration


   Skills:
 - Level 3.2 Fighting
 + Level 4.0 Long Blades
 - Level 2.4 Dodging
 - Level 3.5 Stealth


You had 3 spell levels left.
You didn't know any spells.
Your spell library was empty.

Dungeon Overview and Level Annotations

Branches:
Dungeon (3/15)

Altars:
Cheibriados
Hepliaklqana
Wu Jian
Xom


Innate Abilities, Weirdness & Mutations

Your stone body is resilient. (AC +3)
You are immune to poison.
You resist negative energy. (rN+)
You are resistant to electric shocks. (rElec)
You are resistant to unholy torment.
You can survive without breathing.
You are immune to petrification.


Message History

Something tries to affect you, but you resist.
The orc hits you but does no damage.
You hit something but do no damage. Something hits you but does no damage.
The orc hits you but does no damage. Something hits you.
You miss something. The orc closely misses you.
You hear some strange, mumbled words.
A magic dart appears from out of thin air!
The magic dart hits you.
You barely miss something. The orc closely misses you.
Something hits you but does no damage.
You closely miss something. The orc hits you but does no damage.
Something hits you but does no damage.
You closely miss something. The orc barely misses you.
Something hits you but does no damage.
You barely miss something. The orc closely misses you.
Something hits you but does no damage. The orc barely misses you.
You miss something. Something hits you. The orc hits you but does no damage.
Your ring mail prevents you from hitting something.
Something hits you but does no damage. The orc hits you with a +0 club.
You closely miss something. Something hits you but does no damage.
The orc hits you but does no damage.
You hit something. Something hits you but does no damage.
The orc hits you but does no damage.
You closely miss something. Something hits you but does no damage.
The orc closely misses you.
You hear some strange, mumbled words.
A magic dart appears from out of thin air!
The magic dart hits you.
* * * LOW HITPOINT WARNING * * *
You hit something but do no damage. The orc hits you but does no damage.
Something hits you but does no damage.
You barely miss something. The orc closely misses you.
Something hits you but does no damage.
You miss something. The orc closely misses you. Something hits you.
* * * LOW HITPOINT WARNING * * *
You barely miss something. The orc hits you with a +0 club.
* * * LOW HITPOINT WARNING * * *
Something hits you but does no damage.
You miss something. The orc hits you with a +0 club.
You die...

# #.# #.#.#.#..######.#..(.# #
#.# #.#.#.#..# #......# # ####.#
#.#......# #......#
##.##.####........# ####.###
##......[######.#### #.#
##.....†..# ##...## #.#
#.........# #.....# ##'##
##........# #.{.o.# ##...##
##.......# #..@..## ##.....# #
##..##### ##...#.## ##.......
####...##########....####........
+.......................'........
####...###########...####......<.
# #..## #..## ##....... #.## #.##
##.....# #.# #.# ##...## ## #.#
#.# ##'###


You could see an orc.

Vanquished Creatures
  A gnoll (D:1)
  2 adders (D:2)
  2 worms (D:2)
  2 dart slugs
  2 orcs (D:3)
  4 bats
  2 endoplasms (D:2)
  A hobgoblin (D:3)
  7 jackals (D:2)
  A kobold (D:1)
  2 quokkas
  3 ball pythons
  2 frilled lizards (D:2)
  2 goblins
  5 rats
38 creatures vanquished.

Notes
Turn   | Place    | Note
-------+----------+-------------------------------------------
     0 | D:1      | leviel the Gargoyle Monk began the quest for the Orb.
     0 | D:1      | Reached XP level 1. HP: 14/14 MP: 1/1
   149 | D:1      | Reached skill level 3 in Long Blades
   149 | D:1      | Reached XP level 2. HP: 8/19 MP: 2/2
   879 | D:2      | Reached XP level 3. HP: 23/23 MP: 3/3
  1772 | D:2      | Found an ornate altar of the Wu Jian Council.
  1773 | D:2      | Found a shimmering altar of Xom.
  1773 | D:2      | Found a snail-covered altar of Cheibriados.
  1781 | D:2      | Found a hazy altar of Hepliaklqana.
  1818 | D:2      | Reached XP level 4. HP: 22/28 MP: 4/4
  2261 | D:3      | Reached skill level 4 in Long Blades
  2533 | D:2      | Slain by an orc

Illustrated notes

Levels and vault maps discovered:
D:1:      saegor_arrival_simple_a, layout_basic
D:2:      lemuel_upstairs_altar, layout_loops_corners,
          grunt_temple_overflow_open
D:3:      layout_basic, uniq_ijyb

Skill      XL: |  1  2  3  4 |
---------------+-------------+-----
Long Blades    | 3 4 |  4.0
Stealth        | 3 |  3.5
Fighting       | |  3.2
Dodging        | |  2.4

Action                   |  1- 3 |  4- 6 || total
-------------------------+-------+-------++-------
Melee: Falchion          |   113 |    54 ||   167
  Use: Potion            |       |     1 ||     1
 Stab: Sleeping          |     5 |       ||     5
Armor: Ring mail         |    55 |    37 ||    92
Dodge: Dodged            |    71 |    19 ||    90
       Rpst.: Falchion   |    18 |     3 ||    21

Table legend: (Time is in decaauts)
 A = Elapsed time spent in this place.
 B = Non-inter-level travel time spent in this place.
 C = Inter-level travel time spent in this place.
 D = Time resting spent in this place.
 E = Time spent auto-exploring this place.
 F = Levels seen in this place.
 G = Mean time per level.
                   A        B        C        D        E       F      G
               +--------+--------+--------+--------+--------+-----+--------+
         Total |   2554 |   2509 |     45 |    692 |   1454 |   3 |  851.3 |
       Dungeon |   2554 |   2509 |     45 |    692 |   1454 |   3 |  851.3 |
               +--------+--------+--------+--------+--------+-----+--------+

Top non-repeatable levels by time:
     D:2: 1697 daAuts
     D:1: 810 daAuts
     D:3: 46 daAuts
